 Dungeon Crawl Stone Soup version 0.31.0-32-g396128a36d (webtiles) character file.

Game seed: 4683201890023921775

0 H0rd4k the Charlatan (level 1, -5/13 HPs)
             Began as an Octopode Artificer on Apr 3, 2024.
             Slain by a gnoll
             ... wielding a +0 spear
              (8 damage)
             ... on level 1 of the Dungeon.
             The game lasted 00:00:15 (52 turns).

H0rd4k the Charlatan (Octopode Artificer)             Turns: 52, Time: 00:00:16

Health: -5/13      AC:  1    Str: 11    XL:     1   Next: 10%
Magic:  1/1        EV: 13    Int: 13    God:
Gold:   9          SH:  0    Dex: 12    Spells: 0/0 levels left

rFire   . . .        (no weapon)
rCold   . . .        (no shield)
rNeg    . . .        (helmet restricted)
rPois   .            (no amulet)
rElec   .            (no ring)
rCorr   .            (no ring)
SInv    .            (no ring)
Will    .....        (no ring)
Stlth   +++          (no ring)
HPRegen 0.22/turn    (no ring)
MPRegen 0.07/turn    (no ring)
                     (no ring)

%: no passive effects
@: no status effects
A: almost no armour, amphibious, 8 rings, camouflage 1, gelatinous body 1,
(nimble swimmer 1), tentacles
a: no special abilities


You were on level 1 of the Dungeon.
You visited 1 branch of the dungeon, and saw 1 of its levels.

You collected 9 gold pieces.

Inventory:

Wands
 b - a wand of flame (15) (quivered)
 c - a wand of charming (14)
 d - a wand of iceblast (5)


   Skills:
 + Level 1.0 Fighting
 - Level 2.3 Dodging
 - Level 1.3 Stealth
 + Level 0.1 Unarmed Combat
 - Level 3.2 Evocations


You couldn't memorise any spells.
You didn't know any spells.
Your spell library was empty.

Dungeon Overview and Level Annotations

Branches:
Dungeon (1/15)

Altars:


Innate Abilities, Weirdness & Mutations

You cannot wear most types of armour.
You are amphibious.
You can wear up to eight rings at the same time.
Your skin changes colour to match your surroundings (Stealth+).
Your rubbery body absorbs attacks. (AC +1, EV +1)
((You are camouflaged when in or above water. (Stealth+)))
You have tentacles for arms and can constrict up to eight enemies at once.


Message History

Found a short sword.
No target in view!
You see here a +0 short sword.
You now have 9 gold pieces.
A goblin comes into view. It is wielding a +0 club.
A ball python comes into view.
The ball python hisses angrily.
You see here 5 gold pieces.
There are monsters nearby!
What are your orders? t - Shout!
Orders for allies: a - Attack new target. r - Retreat! s - Stop attacking. g - Guard the area. f - Follow me.
Anything else - Cancel.
You shout for attention!
The goblin shouts!
You hear a bark! x3
You tentacle-slap the ball python. Your grab misses the ball python.
Your squeeze misses the ball python.
The ball python is moderately wounded.
The ball python barely misses you. The ball python misses you.
The ball python bites you. The ball python misses you.
You tentacle-slap the ball python. Your grab misses the ball python.
The ball python is severely wounded.
The ball python bites you. The ball python closely misses you.
A gnoll comes into view. It is wielding a +0 spear.
You tentacle-slap the ball python.
You kill the ball python!
You barely miss the goblin. You grab the goblin. You constrict the goblin.
The goblin closely misses you.
You release your grip on the goblin.
The goblin attacks as it pursues you! The goblin hits you but does no damage.
The gnoll attacks as it pursues you!
The gnoll hits you from afar with a +0 spear.
* * * LOW HITPOINT WARNING * * *
Aiming: Charm
Press: ? - help, Shift-Dir - straight line, f - goblin
Aim: a goblin, wielding a +0 club (heavily wounded, chance to affect: 73%)
The goblin struggles to resist.
The goblin closely misses you.
The gnoll hits you from afar with a +0 spear!
Ouch! That really hurt!
You die...

##.## ##.## # ##.##
####.## ##.##
....... ##.+ .......
#.## ###.......
##.#.####.$...g...
###..##.##..#.......
.......@gg.##.......
############ .......
....... .......
....... #######


You could see a gnoll and a goblin.

Vanquished Creatures
  A ball python (D:1)
1 creature vanquished.

Notes
Turn   | Place    | Note
-------+----------+-------------------------------------------
     0 | D:1      | H0rd4k the Octopode Artificer began the quest for the Orb.
     0 | D:1      | Reached XP level 1. HP: 13/13 MP: 1/1
    52 | D:1      | Slain by a gnoll

Illustrated notes

Levels and vault maps discovered:
D:1:      nagdon_arrival_zigzag_paths, layout_basic,
          chequers_serial_rivers_room_a, minivault_27

Action                     || total
---------------------------++-------
  Melee: Unarmed           ||     4
         Constrict         ||     1
  Evoke: Wand              ||     1
 Armour: Skin              ||     5
  Dodge: Dodged            ||     6
